 Dungeon Crawl Stone Soup version 0.29.1-12-g30fa7ad0bf (webtiles) character file.

Game seed: 16400750825369714415

980 hawla the Chiller (level 8, -3/54 HPs)
             Began as a Formicid Ice Elementalist on Dec 31, 2022.
             Slain by a phantom (6 damage)
             ... on level 5 of the Dungeon.
             The game lasted 00:17:51 (6405 turns).

hawla the Chiller (Formicid Ice Elementalist)       Turns: 6405, Time: 00:17:51

Health: -3/54      AC:  4    Str: 13 (14) XL:     8   Next: 40%
Magic:  13/15      EV: 12    Int: 14 (16) God:
Gold:   303        SH:  0    Dex: 14      Spells: 9/17 levels left

rFire   . . .      SeeInvis +   d - +2 triple sword (venom)
rCold   . . .      Faith    .   (no shield)
rNeg    . . .      Spirit   .   a - +0 robe
rPois   .          Reflect  .   (helmet unavailable)
rElec   .          Harm     .   (no cloak)
rCorr   .          Rampage  .   e - +2 pair of gloves
Will    .....                   (no boots)
Stlth   ++........              (no amulet)
HPRegen 0.18/turn               (no ring)
MPRegen 0.14/turn               (no ring)

@: no status effects
A: permanent stasis, dig shafts and tunnels, antennae 3, four strong arms,
deformed body
a: Dig, Shaft Self


You were on level 5 of the Dungeon.
You visited 1 branch of the dungeon, and saw 5 of its levels.
You also visited: Sewer.

You collected 303 gold pieces.

Inventory:

Hand Weapons
 d - a +2 triple sword of venom (weapon)
Armour
 a - a +0 robe (worn)
 e - a +2 pair of gloves (worn)
Wands
 k - a wand of flame (10)
Scrolls
 c - 5 scrolls of identify
 f - a scroll of enchant weapon
 i - a scroll of amnesia
Potions
 b - 4 potions of flight


   Skills:
 + Level 1.5 Fighting
 + Level 2.7 Dodging
 + Level 3.6 Stealth
 + Level 5.0 Spellcasting
 + Level 4.7 Conjurations
 + Level 6.0 Ice Magic
 + Level 0.4 Evocations


You had 9 spell levels left.
You knew the following spells:

 Your Spells              Type           Power      Damage    Failure   Level
a - Freeze                Ice            80%        1d9       1%          1
b - Frozen Ramparts       Ice            40%        1d7       4%          3
c - Hailstorm             Conj/Ice       18%        3d6       19%         4

Your spell library contained the following spells:

 Spells                   Type           Power      Damage    Failure   Level
 Ozocubu's Armour         Ice            20%        N/A       4%          3
 Anguish                  Hex/Necr       1%         N/A       86%         4
 Irradiate                Conj/Tmut      5%         3d13      88%         5
 Blade Hands              Tmut           1%         N/A       99%         5
 Dragon Form              Tmut           1%         N/A       100%        7
 Enfeeble                 Hex            1%         N/A       100%        7


Dungeon Overview and Level Annotations

Branches:
Dungeon (5/15)              Sewer (visited)
 Temple: D:4-7

Altars:
Kikubaaqudgha
Uskayaw


Innate Abilities, Weirdness & Mutations

You cannot be hasted, slowed, berserked, paralysed or teleported.
You can dig through walls and to a lower floor.
You have a pair of large antennae on your head. (SInv)
Your four strong arms can wield two-handed weapons with a shield.
Armour fits poorly on your strangely shaped body.


Message History

You completely miss the phantom. The phantom barely misses you.
You hit the phantom but do no damage. The phantom hits you.
You barely miss the phantom. The phantom barely misses you.
You closely miss the phantom. The phantom hits you.
You hit the phantom but do no damage. The phantom barely misses you.
You hit the phantom but do no damage. The phantom hits you.
You closely miss the phantom. The phantom hits you.
You closely miss the phantom. The phantom hits you!
* * * LOW HITPOINT WARNING * * *
This is a scroll of acquirement!
Something appears at your feet! The phantom misses you.
d - a +2 triple sword of venom You are no longer corroded.
The phantom closely misses you.
Okay, then.
Okay, then.
Really attack while wielding nothing? [Y]es or [N]o only, please.
Really attack while wielding nothing? [Y]es or [N]o only, please.
Really attack while wielding nothing?
Okay, then.
Your +2 triple sword of venom begins to drip with poison!
d - a +2 triple sword of venom (weapon)
Setting a skill training target for Long Blades at 22.0.
Unknown command.
You closely miss the phantom. The phantom barely misses you.
The phantom misses you.
You closely miss the phantom. The phantom hits you.
* * * LOW HITPOINT WARNING * * *
The phantom hits you.
* * * LOW HITPOINT WARNING * * *
You barely miss the phantom. The phantom hits you.
* * * LOW HITPOINT WARNING * * *
The phantom hits you.
* * * LOW HITPOINT WARNING * * *
The phantom attacks as you move away! The phantom closely misses you.
The phantom barely misses you. The phantom attacks as you move away!
The phantom hits you.
You die...

#.#...# ##..# ##.......##
..†...########...####.........###
.............[......'.........+..
...#.#########)..####.........###
#.##.# ###......).##.......##
####.# ........##.###.....## #.#
.##.###.##.# ##...## ## #.#
#>..W.##.# ##)## .###.#
#..##@##.# #.# ..##.# #.
#.##.#####.# ...#.# #
.....#....(##### ~#.#.#
...####.........# ~..#.#
...............#.# ~....#
...####.#......##.### ~....# ####
# #............ ~#.###
###.#...#.### ...# #.....#.#


You could see a phantom.

Vanquished Creatures
  Grinder (D:4)
  An ogre (D:5)
  A necrophage (D:5)
  3 scorpions
  3 hounds (D:4)
  2 jellies
  Jessica (D:2)
  An iguana (D:4)
  An orc wizard (D:3)
  A merfolk siren (Sewer)
  A merfolk avatar (Sewer)
  7 adders
  2 river rats (Sewer)
  3 worms
  2 dart slugs
  8 orcs (D:3)
  6 bats
  7 endoplasms
  6 giant cockroaches
  3 goblins (D:3)
  7 hobgoblins
  11 quokkas
  11 ball pythons
  7 frilled lizards
  2 kobolds
  27 rats
125 creatures vanquished.

Notes
Turn   | Place    | Note
-------+----------+-------------------------------------------
     0 | D:1      | hawla the Formicid Ice Elementalist began the quest for the
                  | Orb.
     0 | D:1      | Reached XP level 1. HP: 13/13 MP: 3/3
   781 | D:1      | Reached XP level 2. HP: 13/19 MP: 5/5
  1794 | D:2      | You fall into a shaft and drop 1 floor!
  1845 | D:2      | Reached XP level 3. HP: 20/24 MP: 2/6
  1849 | D:2      | Learned a level 3 spell: Frozen Ramparts
  2332 | D:2      | Noticed Jessica
  2340 | D:2      | Killed Jessica
  2341 | D:2      | Reached XP level 4. HP: 14/30 MP: 3/8
  2346 | D:2      | Learned a level 4 spell: Hailstorm
  2878 | D:3      | Reached skill level 1 in Conjurations
  2881 | D:3      | Reached XP level 5. HP: 35/35 MP: 0/9
  3687 | D:4      | Reached XP level 6. HP: 23/41 MP: 1/10
  3960 | D:4      | Noticed Grinder
  3979 | D:4      | Killed Grinder
  3980 | D:4      | Reached XP level 7. HP: 24/46 MP: 6/11
  4012 | D:4      | Reached skill level 5 in Ice Magic
  4017 | D:4      | Gained mutation: Armour fits poorly on your strangely
                  | shaped body. [potion of mutation]
  4233 | D:4      | Found a hide-covered altar of Uskayaw.
  4272 | D:4      | Found an ancient bone altar of Kikubaaqudgha.
  4994 | D:5      | Entered Level 5 of the Dungeon
  5069 | D:5      | Found a glowing drain.
  5094 | Sewer    | Entered a sewer
  5339 | Sewer    | Reached skill level 1 in Fighting
  5833 | D:5      | Reached XP level 8. HP: 50/54 MP: 6/14
  6305 | D:5      | Reached skill level 6 in Ice Magic
  6382 | D:5      | Reached skill level 5 in Spellcasting
  6397 | D:5      | Identified a scroll of acquirement
  6397 | D:5      | Acquired a +2 triple sword of venom
  6402 | D:5      | HP: 2/54 [phantom (1)]
  6405 | D:5      | Slain by a phantom

Illustrated notes

Levels and vault maps discovered:
D:1:      eino_arrival_cavern_e, layout_loops_corners, dreamdust_princess_bridge
D:2:      layout_basic, uniq_jessica
D:3:      layout_rooms
D:4:      layout_cave_pods, kiku_gazebo_pond_becter,
          mainiacjoe_overflow_six_doors_small, uniq_grinder
D:5:      layout_loops_corners, nicolae_hepliaklqana_monster_ancestors,
          cheibrodos_sewer_entry_drain

Skill      XL: |  1  2  3  4  5  6  7  8 |
---------------+-------------------------+-----
Stealth        | 3 |  3.6
Dodging        | 2 |  2.7
Conjurations   | 1 3 4 |  4.7
Spellcasting   | 3 4 5 |  5.0
Ice Magic      | 5 6 |  6.0
Fighting       | 1 |  1.5
Evocations     | |  0.4

Action                   |  1- 3 |  4- 6 |  7- 9 || total
-------------------------+-------+-------+-------++-------
Melee: Unarmed           |    88 |    39 |    61 ||   188
       Punch             |       |     2 |       ||     2
       Triple sword      |       |       |     3 ||     3
 Cast: Freeze            |    26 |    41 |    38 ||   105
       Frozen Ramparts   |     4 |     9 |    25 ||    38
       Hailstorm         |       |       |     3 ||     3
Evoke: Wand              |       |    10 |       ||    10
  Use: Scroll            |       |     4 |     4 ||     8
       Potion            |       |     1 |     7 ||     8
 Stab: Sleeping          |     7 |     2 |       ||     9
Armor: Robe              |    28 |    34 |    25 ||    87
       Skin              |       |       |     9 ||     9
Dodge: Dodged            |    70 |    53 |    58 ||   181
